 Dungeon Crawl Stone Soup version 0.31.0-7-gf635a9b802 (webtiles) character file.

Game seed: 10978244132741414675

78 zenocrate the Sneak (level 4, -4/21 HPs)
             Began as a Vine Stalker Enchanter on Jan 23, 2024.
             Slain by a gnoll
             ... wielding a +2 spear of pain
              (7 damage)
             ... on level 3 of the Dungeon.
             The game lasted 00:01:46 (1901 turns).

zenocrate the Sneak (Vine Stalker Enchanter)        Turns: 1901, Time: 00:01:46

Health: -4/21      AC:  5    Str: 10    XL:     4   Next: 36%
Magic:  0/8        EV: 12    Int: 15    God:
Gold:   149        SH:  0    Dex: 17    Spells: 2/7 levels left

rFire   . . .        a - +1 dagger
rCold   . . .        (no shield)
rNeg    . . .        b - +0 robe
rPois   .            (no helmet)
rElec   .            (no cloak)
rCorr   .            (no gloves)
SInv    .            i - +2 pair of boots
Will    .....        (no amulet)
Stlth   +++          (no ring)
HPRegen 1.03/turn    (no ring)
MPRegen 0.11/turn

%: guardian spirit
@: no status effects
A: fangs 2, regeneration 1, magic shield, antimagic bite, no potion heal 2
a: no special abilities


You were on level 3 of the Dungeon.
You visited 1 branch of the dungeon, and saw 3 of its levels.

You collected 149 gold pieces.

Inventory:

Hand Weapons
 a - a +1 dagger (weapon)
Missiles
 j - 5 poisoned darts (quivered)
Armour
 b - a +0 robe (worn)
 i - a +2 pair of boots (worn)
Scrolls
 f - a scroll of poison {unknown}
 g - a scroll of silence {unknown}
 k - 2 scrolls of teleportation {unknown}
 m - a scroll of torment {unknown}
 n - a scroll of identify {unknown}
Potions
 c - 2 potions of invisibility
 d - a potion of haste {unknown}
 e - 2 potions of might {unknown}
 h - 2 potions of curing {unknown}
 l - 2 potions of enlightenment {unknown}


   Skills:
 - Level 0.8 Fighting
 + Level 1.7 Short Blades
 + Level 0.2 Armour
 + Level 2.1 Dodging
 + Level 4.2 Stealth
 - Level 2.1 Spellcasting
 + Level 3.3 Hexes
 + Level 1.1 Ice Magic


You had 2 spell levels left.
You knew the following spells:

 Your Spells              Type           Power      Damage    Failure   Level
a - Ensorcelled Hibernat  Hex/Ice        16%        N/A       13%         2
b - Confusing Touch       Hex            11%        N/A       16%         3

Your spell library contained the following spells:

 Spells                   Type           Power      Damage    Failure   Level
 Static Discharge         Conj/Air       2%         3-4/arc   32%         2
 Tukima's Dance           Hex            11%        N/A       16%         3
 Dazzling Flash           Conj/Hex       12%        N/A       32%         3
 Airstrike                Air            0%         2d(1-17)  91%         4
 Summon Lightning Spire   Summ/Air       1%         N/A       91%         4


Dungeon Overview and Level Annotations

Branches:
Dungeon (3/15)

Altars:


Innate Abilities, Weirdness & Mutations

You have extremely sharp teeth.
Your natural rate of healing is unusually fast.
When hurt, damage is shared between your health and your magic reserves.
Your bite disrupts and absorbs the magic of your enemies.
Potions cannot restore your health.


Message History

You miscast Ensorcelled Hibernation.
You are very lightly contaminated with residual magic.
Nothing appears to happen.
The gnoll hits you but does no damage.
Unknown command.
The gnoll barely misses you. The gnoll hits you but does no damage.
You hit the gnoll but do no damage. The gnoll hits you with a +0 spear!
The gnoll hits you from afar with a +2 spear of pain!
Casting: Ensorcelled Hibernation (safe; 13% risk of failure)
Confirm with . or Enter, or press ? or * to list all spells.
Aiming: Ensorcelled Hibernation (safe; 13% risk of failure)
Press: ? - help, Shift-Dir - straight line, f/p - gnoll
Aim: a gnoll, wielding a +0 spear (chance to affect: 50%)
The gnoll looks drowsy...
The gnoll closely misses you.
Unknown command.
The helpless gnoll fails to defend itself.
You impale the gnoll!!
You kill the gnoll!
The gnoll hits you but does no damage.
Unknown command.
The gnoll hits you with a +2 spear of pain.
Things that are here:
a +0 spear; a gnoll corpse Unknown command.
You hit the gnoll. You bite the gnoll. You drain its power.
You feel invigorated.
The gnoll is lightly wounded.
The gnoll hits you with a +2 spear of pain.
* * * LOW HITPOINT WARNING * * *
Unknown command.
You hit the gnoll but do no damage. Your bite misses the gnoll.
The gnoll is lightly wounded.
The gnoll hits you with a +2 spear of pain.
* * * LOW HITPOINT WARNING * * *
Your magical contamination has completely faded away.
Unknown command.
Unknown command.
You hit the gnoll.
The gnoll is heavily wounded.
The gnoll hits you with a +2 spear of pain!
You die...

#####.###.#
###.#.#.###.#.#
..............#
#...###.#######
..#.....# #
.#.#.###.#.# #
#.......#
#.#.#...###
#.#.@g#.#
#...#)#+#
###.#....#
#.#....#
#.#.....#
#.#.....#
#.#.....#
#.#.....#
#.#......


You could see a gnoll.

Vanquished Creatures
  Terence (D:2)
  2 gnolls (D:3)
  A ribbon worm (D:2)
  2 dart slugs
  4 bats
  2 endoplasms (D:1)
  2 goblins (D:1)
  2 hobgoblins (D:1)
  4 jackals
  A quokka (D:2)
  A ball python (D:2)
  5 kobolds
  2 rats (D:1)
29 creatures vanquished.

Notes
Turn   | Place    | Note
-------+----------+-------------------------------------------
     0 | D:1      | zenocrate the Vine Stalker Enchanter began the quest for
                  | the Orb.
     0 | D:1      | Reached XP level 1. HP: 9/9 MP: 4/4
   131 | D:1      | Reached skill level 1 in Short Blades
   274 | D:1      | Reached XP level 2. HP: 13/13 MP: 4/6
   277 | D:1      | Learned a level 2 spell: Ensorcelled Hibernation
  1195 | D:2      | Noticed Terence
  1220 | D:2      | Killed Terence
  1221 | D:2      | Reached skill level 4 in Stealth
  1221 | D:2      | Reached XP level 3. HP: 13/17 MP: 3/7
  1490 | D:2      | Reached skill level 1 in Ice Magic
  1553 | D:2      | Reached XP level 4. HP: 21/21 MP: 8/8
  1560 | D:2      | Learned a level 3 spell: Confusing Touch
  1901 | D:3      | Slain by a gnoll

Illustrated notes

Levels and vault maps discovered:
D:1:      grunt_arrival_crossed_arrows, layout_basic, grunt_decor_mini_mirrors
D:2:      layout_loops_ring, minmay_tall_x, uniq_terence
D:3:      minmay_goblin_kobold_castle, layout_basic,
          mainiacjoe_overflow_chevrons, gammafunk_temple_overflow_forgotten,
          minmay_misc_feat_pillars

Skill      XL: |  1  2  3 |
---------------+----------+-----
Short Blades   | 1 |  1.7
Dodging        | 2 |  2.1
Stealth        | 4 |  4.2
Ice Magic      | 1 |  1.1
Fighting       | |  0.8
Armour         | |  0.2
Spellcasting   | |  2.1
Hexes          | |  3.3

Action                     |  1- 3 |  4- 6 || total
---------------------------+-------+-------++-------
  Melee: Dagger            |    97 |    10 ||   107
         Bite              |    24 |     2 ||    26
         Punch             |     3 |       ||     3
   Cast: Ensorcelled Hiber |     8 |     1 ||     9
   Stab: Sleeping          |     9 |     3 ||    12
 Armour: Robe              |    44 |    12 ||    56
  Dodge: Dodged            |    52 |     3 ||    55
